 Dungeon Crawl Stone Soup version 0.26-a0-365-g11c2b627af (webtiles) character file.

Game seed: 8614560187723957274

660 MrRokkomies the Bolt Thrower (level 7, 0/38 HPs)
             Began as a Kobold Arcane Marksman on July 19, 2020.
             Was a Believer of Sif Muna.
             Slain by Dowan
             ... wielding a +0 dagger
              (2 damage)
             ... on level 5 of the Dungeon.
             The game lasted 00:13:55 (5463 turns).

MrRokkomies the Bolt Thrower (KoAM)                 Turns: 5463, Time: 00:13:55

Health: 0/38       AC:  4    Str:  9    XL:     7   Next: 86%
Magic:  8/8        EV: 15    Int: 15    God:    Sif Muna [**....]
Gold:   251        SH:  0    Dex: 15    Spells: 2/8 levels left

rFire    . . .     SeeInvis .   b - +1 short sword (speed)
rCold    . . .     Faith    .   (shield restricted)
rNeg     . . .     Spirit   .   e - +1 robe
rPois    .         Reflect  .   i - +0 helmet
rElec    .         Harm     .   (no cloak)
rCorr    .                      (no gloves)
MR       .....                  (no boots)
Stlth    +++.......             (no amulet)
HPRegen  0.12/turn              j - ring of stealth
MPRegen  0.11/turn              (no ring)

@: mighty, brilliant, heavily drained
A: small
a: Channel Magic, Renounce Religion


You were on level 5 of the Dungeon.
You worshipped Sif Muna.
Sif Muna was pleased with you.
You visited 1 branch of the dungeon, and saw 5 of its levels.
You also visited: Sewer.

You collected 251 gold pieces.

Inventory:

Hand Weapons
 a - a +1 hand crossbow
 b - a +1 short sword of speed (weapon)
 g - a +0 short sword
 r - a +0 rapier
Missiles
 q - 16 poisoned darts (quivered)
Armour
 e - a +1 robe (worn)
 i - a +0 helmet (worn)
Jewellery
 j - a ring of stealth (left hand)
Scrolls
 f - 2 scrolls of teleportation
 k - a scroll of enchant armour
 n - a scroll of amnesia
Potions
 c - 2 potions of might
 h - 4 potions of stabbing
 l - a potion of heal wounds
 m - a potion of haste {unknown}
 o - 7 potions of curing
 p - 4 potions of brilliance
 s - a potion of flight {unknown}


   Skills:
 - Level 1.1(0.0) Fighting
 * Level 6.2(4.1) Crossbows
 - Level 0.8(0.0) Armour
 + Level 4.4(2.3) Dodging
 + Level 4.6(2.5) Stealth
 - Level 1.1(0.0) Spellcasting
 - Level 5.0(2.9) Hexes


You had 2 spell levels left.
You knew the following spells:

 Your Spells              Type           Power        Failure   Level
a - Corona                Hex            ##.....      9%          1
b - Slow                  Hex            ##......     13%         2
c - Inner Flame           Hex/Fire       #.......     41%         3

Your spell library contained the following spells:

 Spells                   Type           Power        Failure   Level
 Portal Projectile        Hex/Tloc       #.....       41%         3
 Cause Fear               Hex            ##........   63%         4
 Leda's Liquefaction      Hex/Erth       #.........   83%         4


Dungeon Overview and Level Annotations

Branches:
Dungeon (4/15)              Sewer (visited)
 Temple: D:4-7

Altars:
Sif Muna

Annotations:
D:4 Sigmund
D:5 Dowan, Duvessa


Message History

Dowan closely misses you.
Duvessa hits you with a +2 short sword of draining.
You feel drained.
The gnoll shaman shouts!
You hit Duvessa.
Duvessa is severely wounded.
Dowan hits you with a +0 dagger.
Duvessa says, "My weaknesses are his strengths!"
Duvessa misses you.
You hit Duvessa.
Duvessa is almost dead.
You barely miss Duvessa.
Duvessa is almost dead.
Duvessa says, "When magic and the sword combine, nothing stands against them."
Duvessa hits you with a +2 short sword of draining!
* * * LOW HITPOINT WARNING * * *
You feel drained.
* * * LOW HITPOINT WARNING * * *
Dowan hits you with a +0 dagger.
You die...

#o# .#
###...#
##ยง#..## #
#[ ##.###
.aY....# #.
#. ##Z.#
.lS$...# .##.
#..##
#......# ...
#####.##
#...o..# ##..
#.....#
#.....o# #
...####)#####
#........
#..#.#e...#
#..#####..
#((e@####
#..#
..#.g.(###
...# ..(.##(
...#### (..
(e ...h.....
(## #.##....
.# ........
#. ........ .
........


You could see Duvessa, Dowan and a gnoll shaman.

Vanquished Creatures
  An ice beast (D:5)
  3 big kobolds (Sewer)
  A scorpion (D:4)
  2 howler monkeys
  A bullfrog zombie (D:5)
  A bullfrog skeleton (D:5)
  6 adders
  A worm (D:3)
  6 dart slugs
  5 leopard geckos
  4 orcs
  6 ball pythons
  10 bats
  9 giant cockroaches
  3 goblins
  4 hobgoblins
  4 jackals
  19 kobolds
  A quokka (D:3)
  6 frilled lizards
  11 rats
104 creatures vanquished.

Notes
Turn   | Place    | Note
-------+----------+-------------------------------------------
     0 | D:1      | MrRokkomies the Kobold Arcane Marksman began the quest for
                  | the Orb.
     0 | D:1      | Reached XP level 1. HP: 12/12 MP: 2/2
   215 | D:1      | Reached XP level 2. HP: 15/16 MP: 3/3
   373 | D:1      | Reached skill level 1 in Stealth
   574 | D:1      | Reached skill level 3 in Crossbows
   832 | D:1      | Reached XP level 3. HP: 20/20 MP: 4/4
  1614 | D:2      | Found a shimmering blue altar of Sif Muna.
  1648 | D:2      | Became a worshipper of Sif Muna the Loreminder
  1799 | D:2      | You fall into a shaft and drop 1 floor!
  1814 | D:3      | Reached XP level 4. HP: 9/25 MP: 5/5
  2090 | D:3      | Learned a level 2 spell: Slow
  3262 | D:3      | Reached XP level 5. HP: 29/29 MP: 6/6
  3349 | D:3      | Reached skill level 4 in Crossbows
  3937 | D:4      | Noticed Sigmund
  3958 | D:4      | Found a glowing drain.
  3987 | Sewer    | Entered a sewer
  4239 | Sewer    | Noticed a big kobold
  4239 | Sewer    | Noticed a big kobold
  4258 | Sewer    | HP: 1/29 [big kobold/+0 whip (8)]
  4268 | Sewer    | Killed a big kobold
  4268 | Sewer    | Reached XP level 6. HP: 28/34 MP: 7/7
  4294 | Sewer    | Reached skill level 5 in Crossbows
  4614 | Sewer    | Reached * piety under Sif Muna
  4651 | Sewer    | Learned a level 3 spell: Inner Flame
  4664 | Sewer    | Reached XP level 7. HP: 32/38 MP: 8/8
  5076 | D:4      | Reached skill level 5 in Hexes
  5334 | D:4      | You fall into a shaft and drop 1 floor!
  5334 | D:5      | Entered Level 5 of the Dungeon
  5367 | D:5      | Noticed Dowan
  5420 | D:5      | Noticed Duvessa
  5421 | D:5      | Reached skill level 6 in Crossbows
  5424 | D:5      | Reached ** piety under Sif Muna
  5463 | D:5      | Slain by Dowan

Illustrated notes

Levels and vault maps discovered:
D:1:      moated_graveyard_arrival, layout_loops_corners
D:2:      layout_loops_ring, marbit_many_paths
D:3:      layout_basic
D:4:      layout_gridville, gup_sewer_entry_pipe, uniq_sigmund
D:5:      layout_rooms, uniq_duvessa

Skill      XL: |  1  2  3  4  5  6  7 |
---------------+----------------------+-----
Stealth        | 1 2 3 4 |  4.6
Crossbows      | 3 4 5 6 |  6.2
Dodging        | 3 4 |  4.4
Hexes          | 4 5 |  5.0
Fighting       | |  1.1
Armour         | |  0.8
Spellcasting   | |  1.1

Action                   |  1- 3 |  4- 6 |  7- 9 || total
-------------------------+-------+-------+-------++-------
Melee: Short sword       |   111 |    46 |    40 ||   197
       Rapier            |       |    55 |    33 ||    88
 Fire: Hand crossbow     |    24 |    92 |    41 ||   157
Throw: Dart              |       |       |     3 ||     3
 Cast: Slow              |       |       |     1 ||     1
  Use: Scroll            |     8 |     6 |     4 ||    18
       Potion            |       |     2 |     7 ||     9
 Stab: Sleeping          |    14 |     6 |     4 ||    24
       Invisible         |       |     6 |       ||     6
Armor: Robe              |    24 |    39 |    33 ||    96
Dodge: Dodged            |   127 |   195 |   135 ||   457

Table legend: (Time is in decaauts)
 A = Elapsed time spent in this place.
 B = Non-inter-level travel time spent in this place.
 C = Inter-level travel time spent in this place.
 D = Time resting spent in this place.
 E = Time spent auto-exploring this place.
 F = Levels seen in this place.
 G = Mean time per level.
                   A        B        C        D        E       F      G
               +--------+--------+--------+--------+--------+-----+--------+
         Total |   5549 |   5477 |     72 |   1329 |   3068 |   6 |  924.8 |
       Dungeon |   4566 |   4494 |     72 |    822 |   2859 |   5 |  913.2 |
         Sewer |    982 |    982 |      0 |    507 |    209 |   1 |  982.0 |
               +--------+--------+--------+--------+--------+-----+--------+
